 Dungeon Crawl Stone Soup version 0.30-a0-778-g2ef04afb54 (webtiles) character file.

Game seed: 12581131006218442632

172 browni3141 the Trooper (level 5, -5/47 HPs)
             Began as a Hill Orc Gladiator on Feb 17, 2023.
             Slain by a gnoll
             ... wielding a +0 halberd
              (8 damage)
             ... on level 3 of the Dungeon.
             The game lasted 00:03:24 (2485 turns).

browni3141 the Trooper (Hill Orc Gladiator)         Turns: 2485, Time: 00:03:25

Health: -5/47      AC:  9    Str: 19    XL:     5   Next: 53%
Magic:  5/5        EV:  8    Int:  8    God:
Gold:   136        SH:  0    Dex: 12    Spells: 4/4 levels left

rFire   . . .      SeeInvis .    h - +2 war axe (elec)
rCold   . . .      Faith    .    (no shield)
rNeg    . . .      Spirit   .    t - +0 chain mail
rPois   .          Reflect  .    c - +0 helmet
rElec   .          Harm     .    (no cloak)
rCorr   .          Rampage  .    (no gloves)
Will    .....                    (no boots) Stlth
                                 p - amulet of magic regeneration
HPRegen 0.27/turn                (no ring)
MPRegen 0.49/turn                (no ring)

@: lethally poisoned (-5 -> -10)
A: no striking features
a: no special abilities


You were on level 3 of the Dungeon.
You visited 1 branch of the dungeon, and saw 3 of its levels.

You collected 136 gold pieces.

Inventory:

Hand Weapons
 a - a +0 flail
 h - a +2 war axe of electrocution (weapon)
 m - a +0 whip
 s - a +0 mace
Missiles
 d - 3 throwing nets (quivered)
 e - a javelin
 n - 32 stones
 w - 5 poisoned darts
Armour
 b - a +0 leather armour
 c - a +0 helmet (worn)
 t - a +0 chain mail (worn)
Jewellery
 p - an amulet of magic regeneration (around neck)
Scrolls
 f - 2 scrolls of identify {unknown}
 j - a scroll of summoning {unknown}
 k - a scroll of vulnerability {unknown}
 l - 2 scrolls of poison {unknown}
 q - a scroll of amnesia {unknown}
 r - a scroll of enchant armour {unknown}
 v - a scroll of teleportation {unknown}
Potions
 g - a potion of flight {unknown}
 i - a potion of curing {unknown}
 o - a potion of invisibility {unknown}
 u - a potion of heal wounds {unknown}
 x - a potion of attraction {unknown}


   Skills:
 * Level 4.3 Fighting
 - Level 3.2 Maces & Flails
 * Level 3.2 Throwing
 + Level 2.0 Armour
 + Level 3.0 Dodging


You had 4 spell levels left.
You didn't know any spells.
Your spell library was empty.

Dungeon Overview and Level Annotations

Branches:
Dungeon (3/15)

Altars:

Annotations:
D:2 1 runed translucent door, Crazy Yiuf


Message History

Press: ? - help, v - describe, . - travel, g - get item
Here: a gnoll, wielding a +0 halberd Item here: a +0 heavy spear.
The floor, spattered with blood.
Unknown command.
You hear the brisk rusting of a drain nearby.
A worm comes into view.
The worm moves out of view.
An adder comes into view.
The adder moves out of view.
Things that are here:
a +0 spear; a worm corpse You see here a +0 heavy spear.
You are too injured to fight recklessly!
You hit the adder.
The adder is severely wounded.
The adder bites you but does no damage.
You barely miss the adder.
The adder is severely wounded.
The adder barely misses you. x2
The gnoll hits you from afar with a +0 halberd!
* * * LOW HITPOINT WARNING * * *
The adder attacks as you move away!
The adder bites you but does no damage. x2
You hit the adder.
The adder is severely wounded.
The adder bites you but does no damage. The gnoll closely misses you.
You barely miss the adder.
The adder is severely wounded.
The adder barely misses you.
The gnoll hits you from afar with a +0 halberd.
* * * LOW HITPOINT WARNING * * *
The adder bites you but does no damage.
You closely miss the adder.
The adder is severely wounded.
The adder bites you.
* * * LOW HITPOINT WARNING * * *
You are lethally poisoned!
The adder poisons you!
The gnoll hits you from afar with a +0 halberd!
You die...

...#.......g......#
..#...########.w###
.#..#.# #g##
....#.# #.#
.##.#.#### ##.#
.........####..#
###..###.....w####
#..# #####..gS.#
....# ##.##@#
##.... ...##..#
#.#### #...###...
#. #..># #.## ##
#...# .. ....# #.#
##...# .. ###


You could see a worm, a gnoll and an adder.

Vanquished Creatures
  An orc priest (D:3)
  An orc wizard (D:2)
  3 adders (D:2)
  2 gnolls (D:3)
  3 worms
  3 dart slugs (D:1)
  An orc (D:2)
  6 ball pythons
  4 endoplasms
  7 goblins
  5 hobgoblins
  5 kobolds
  3 quokkas (D:2)
  6 bats
  2 frilled lizards (D:1)
  5 rats
57 creatures vanquished.

Notes
Turn   | Place    | Note
-------+----------+-------------------------------------------
     0 | D:1      | browni3141 the Hill Orc Gladiator began the quest for the
                  | Orb.
     0 | D:1      | Reached XP level 1. HP: 18/18 MP: 1/1
   131 | D:1      | Reached XP level 2. HP: 25/25 MP: 2/2
   310 | D:1      | Reached skill level 3 in Fighting
   456 | D:1      | Reached XP level 3. HP: 28/31 MP: 3/3
   488 | D:1      | Reached skill level 1 in Armour
  1096 | D:2      | Found a runed translucent door.
  1097 | D:2      | Noticed Crazy Yiuf
  1407 | D:2      | Reached XP level 4. HP: 35/38 MP: 4/4
  2310 | D:2      | Reached skill level 4 in Fighting
  2310 | D:2      | Reached XP level 5. HP: 31/46 MP: 5/5
  2485 | D:3      | Slain by a gnoll

Illustrated notes

Levels and vault maps discovered:
D:1:      heliophobic_arrival_battle_scene, layout_basic, minmay_misc_feat_alley
D:2:      layout_basic, minmay_tetromino_t2, uniq_crazy_yiuf_cottage
D:3:      layout_rooms, gup_sewer_entry_pipe, nicolae_figureground_sparkle,
          uniq_terence

Skill      XL: |  1  2  3  4  5 |
---------------+----------------+-----
Throwing       | 2 3 |  3.2
Fighting       | 3 4 |  4.3
Armour         | 1 2 |  2.0
Dodging        | 3 |  3.0
Maces & Flails | |  3.2

Action                     |  1- 3 |  4- 6 || total
---------------------------+-------+-------++-------
  Melee: Flail             |    51 |       ||    51
         Whip              |    46 |       ||    46
         Mace              |    44 |    79 ||   123
         Punch             |       |     1 ||     1
         War axe           |       |    15 ||    15
  Throw: Dart              |       |     8 ||     8
 Armour: Leather armour    |    25 |       ||    25
         Chain mail        |    31 |    87 ||   118
  Dodge: Dodged            |    93 |    44 ||   137

Table legend: (Time is in decaauts)
 A = Elapsed time spent in this place.
 B = Non-inter-level travel time spent in this place.
 C = Inter-level travel time spent in this place.
 D = Time resting spent in this place.
 E = Time spent auto-exploring this place.
 F = Levels seen in this place.
 G = Mean time per level.
                   A        B        C        D        E       F      G
               +--------+--------+--------+--------+--------+-----+--------+
         Total |   2529 |   2335 |    194 |    203 |   1492 |   3 |  843.0 |
       Dungeon |   2529 |   2335 |    194 |    203 |   1492 |   3 |  843.0 |
               +--------+--------+--------+--------+--------+-----+--------+

Top non-repeatable levels by time:
     D:2: 1373 daAuts
     D:1: 978 daAuts
     D:3: 176 daAuts
